 Dungeon Crawl Stone Soup version 0.21.1-1-g345015fe64 (webtiles) character file.

92488 Peloso the Peltast (level 15, -1/138 HPs)
             Began as a Minotaur Fighter on Feb 18, 2018.
             Was the Champion of Okawaru.
             Slain by a deep elf mage
             ... wielding a +0 long sword
              (2 damage)
             ... on level 1 of the Elven Halls.
             The game lasted 01:33:30 (27781 turns).

Peloso the Peltast (Minotaur Fighter)              Turns: 27781, Time: 01:33:32

Health: -1/138     AC: 21    Str: 27    XL:     15   Next: 58%
Magic:  15/15      EV: 11    Int:  7    God:    Okawaru [******]
Gold:   2529       SH: 22    Dex: 15    Spells: 14/14 levels left

rFire    + + .     SeeInvis .   i - +3 demon blade (drain)
rCold    + . .     Gourm    .   c - +2 shield {rN+}
rNeg     + . .     Faith    .   l - +4 chain mail of Polytheism {*Drain rF+ MR++ Int+2}
rPois    .         Spirit   .   r - +1 hat {MR+}
rElec    .         Reflect  +   T - scarf {rC+ rF+}
rCorr    .         Harm     .   m - +0 pair of gloves {archery}
MR       ++++.                  y - +0 pair of boots
Stlth    ..........             N - +4 amulet of reflection
HPRegen  0.33/turn              w - +3 ring of strength
MPRegen  0.14/turn              G - +2 ring of dexterity

@: drained
A: retaliatory headbutt, horns 2
a: Heroism, Finesse, Renounce Religion


You were on level 1 of the Elven Halls.
You worshipped Okawaru.
Okawaru was exalted by your worship.
You were not hungry.

You visited 5 branches of the dungeon, and saw 25 of its levels.
You also visited: Sewer and Bailey.

You collected 3541 gold pieces.
You spent 1012 gold pieces at shops.

Inventory:

Hand Weapons
 h - a +3 scimitar of flaming
 i - a +3 demon blade of draining (weapon)
 j - a +0 falchion of slicing
 B - a +7 long sword
Missiles
 A - 38 tomahawks of returning (quivered)
Armour
 b - the +3 plate armour of Zucvoorch {rPois Int+3 Dex+3 Slay+2}
   (You bought it in a shop on level 2 of the Orcish Mines)

   It affects your intelligence (+3).
   It affects your dexterity (+3).
   It affects your accuracy and damage with ranged weapons and melee attacks
   (+2).
   It protects you from poison.
 c - a +2 shield of positive energy (worn)
 l - the +4 chain mail of Polytheism (worn) {*Drain rF+ MR++ Int+2}
   (You bought it in a shop on level 2 of the Orcish Mines)

   It affects your intelligence (+2).
   It protects you from fire.
   It affects your resistance to hostile enchantments.
   It causes draining when unequipped.
 m - a +0 pair of gloves of archery (worn)
 r - a +1 hat of magic resistance (worn)
 t - a +3 plate armour of magic resistance
 y - a +0 pair of boots (worn)
 I - a scarf of repulsion
 T - a scarf of resistance (worn)
Jewellery
 w - a +3 ring of strength (left hand)
 x - an uncursed ring of protection from magic
 E - an uncursed amulet of guardian spirit
 G - a +2 ring of dexterity (right hand)
 M - an uncursed ring of resist corrosion
 N - a +4 amulet of reflection (around neck)
 P - an uncursed ring of stealth
 Q - an uncursed ring of protection from cold
Wands
 p - a wand of clouds (3)
 J - a wand of digging (13)
Scrolls
 a - a scroll of holy word
 d - 6 scrolls of identify
 g - 18 scrolls of teleportation
 v - 2 scrolls of enchant weapon
 C - a scroll of amnesia
 D - 3 scrolls of fog
 F - 2 scrolls of blinking
 H - a scroll of silence
 K - 6 scrolls of magic mapping
 O - a scroll of enchant armour
 R - 8 scrolls of remove curse
Potions
 e - 10 potions of curing
 k - a potion of heal wounds
 n - 5 potions of might
 o - 7 potions of flight
 q - 3 potions of haste
 s - 2 potions of berserk rage
 z - 4 potions of agility
 L - a potion of brilliance
 U - a potion of resistance
Books
 u - a book of Transfigurations

   Spells                             Type                      Level
   a - Irradiate                      Conjuration/Transmutation    5
   b - Statue Form                    Transmutation/Earth          6
   c - Hydra Form                     Transmutation                6
   d - Dragon Form                    Transmutation                7
 S - a book of Party Tricks

   Spells                             Type                      Level
   a - Summon Butterflies             Summoning                    1
   b - Apportation                    Translocation                1
   c - Lesser Beckoning               Translocation                3
   d - Tukima's Dance                 Hexes                        3
   e - Alistair's Intoxication        Transmutation/Poison         5
   f - Invisibility                   Hexes                        6
Comestibles
 f - 23 rations
 V - 3 chunks of flesh


   Skills:
 + Level 14.0(13.8) Fighting
 + Level 16.5(16.3) Long Blades
   Level 5.7(5.5) Axes
 + Level 2.5(2.3) Throwing
 + Level 15.0(14.8) Armour
 + Level 4.3(4.1) Dodging
 + Level 1.3(1.2) Stealth
 + Level 17.6(17.4) Shields
 + Level 0.2(0.0) Invocations
 + Level 2.2(2.1) Evocations


You had 14 spell levels left.
You didn't know any spells.

Dungeon Overview and Level Annotations

Branches:
Dungeon (15/15)            Temple (1/1) D:6            Lair (6/6) D:8
  Swamp (0/4) Lair:2        Snake (0/4) Lair:3        Slime (0/5) Lair:5
    Orc (2/2) D:12            Elf (1/3) Orc:2        Vaults (0/5) D:14
 Depths (0/5) D:15

Altars:
Cheibriados
Dithmenos
Elyvilon
Fedhas
Kikubaaqudgha
Makhleb
Nemelex Xobeh
Okawaru
Qazlal
Ru
Sif Muna
Uskayaw
Xom
Yredelemnul

Shops:
D:11 :   D:14 [   Orc:2 :[(:


Innate Abilities, Weirdness & Mutations

You reflexively headbutt those who attack you in melee.
You have a pair of horns on your head.


Message History

The deep elf mage mumbles some strange words.
The deep elf mage conjures a globe of magical energy!
A battlesphere comes into view.
The deep elf mage casts a spell at you. The magic dart hits you!
The battlesphere fires!
The barrage of energy hits you!
* * * LOW HITPOINT WARNING * * *
Unknown command.
Your chain mail of Polytheism prevents you from hitting the deep elf mage.
Your headbutt misses the deep elf mage.
The deep elf mage gestures at you while chanting.
The orb of energy hits you!
* * * LOW HITPOINT WARNING * * *
The orb of energy explodes!
The battlesphere fires!
The barrage of energy hits you!
* * * LOW HITPOINT WARNING * * *
You slice the deep elf mage!!
The deep elf mage is severely wounded.
The deep elf mage hits you with a long sword.
You die...

..)....# #.....##
'#...'## +####
##'###.## #...##...
##[# ##.## #)...(...
#.# ##.### #.# #.#
##'.# ##)# #.#
##.#####.)#### #+#
#...'..)@.)..#
#...#####e#....# ##'##
#*..#...# #.#
#.....#..# #.#
#.#......# .. #.#
....#... .# ... ###+###
.#.....#.. #
..#+#.....#+##.........
###.......##


You could see a deep elf mage and a battlesphere.

Vanquished Creatures
  Gastronok (D:9)
  A storm dragon (D:13)
  Roxanne (D:14)
  The ghost of deadestbob the Fighter, a journeyman HOFi of Yredelemnul (Lair:4)
  A frost giant (D:15)
  An ettin (Orc:2)
  A fire dragon (Lair:6)
  5 hydras
  2 centaur warriors
  4 dancing weapons
  An ogre mage (D:15)
  6 death yaks (Lair:6)
  3 two-headed ogres
  A tengu warrior (D:13)
  3 orc high priests (Orc:2)
  A fire crab (Lair:6)
  A wizard (D:14)
  3 unseen horrors
  An orange crystal statue (D:9)
  Pikel (D:7)
  5 orc knights
  3 cyclopes
  7 ugly things
  10 deep elf magi (Elf:1)
  2 manticores (D:15)
  5 orc sorcerers (Orc:2)
  Joseph (D:9)
  A black mamba (Lair:6)
  10 elephants
  2 molten gargoyles (Lair:6)
  A guardian serpent (shapeshifter) (D:14)
  A gargoyle (D:14)
  A torpor snail (Lair:3)
  10 spiny frogs
  Psyche (D:10)
  A komodo dragon (shapeshifter) (Elf:1)
  2 kobold demonologists (D:15)
  2 efreet
  9 komodo dragons
  A yaktaur (D:15)
  2 tengu conjurers
  2 rime drakes
  A merfolk (D:12)
  8 trolls
  A polar bear (shapeshifter) (D:14)
  2 polar bears
  3 meliai (D:15)
  A hippogriff (shapeshifter) (D:15)
  A raiju (shapeshifter) (D:14)
  26 blink frogs
  7 slime creatures
  13 hippogriffs
  An air elemental (Elf:1)
  2 spriggans (Lair:5)
  A tarantella (shapeshifter) (D:15)
  3 water elementals
  10 wyverns
  Sigmund (D:2)
  3 centaur simulacra (D:15)
  A shadow (D:12)
  35 yaks
  4 steam dragons
  8 basilisks
  The ghost of CatCannon the Stinger, an amateur DrVM of Makhleb (D:3)
  4 vampire mosquitoes (D:15)
  3 wargs (Orc:1)
  6 nagas (Lair:3)
  An acid dragon (D:12)
  2 soldier ants
  4 hell hounds (Lair:6)
  10 water moccasins
  7 porcupines
  21 orc warriors
  5 sky beasts
  3 black bears
  2 phantoms
  4 boggarts
  6 ice beasts
  9 ogres
  16 centaurs
  7 wolves
  10 crocodiles
  3 elf zombies (D:8)
  5 big kobolds
  17 bullfrogs
  An elf skeleton (D:8)
  A water moccasin zombie (D:8)
  A scorpion (D:6)
  6 killer bees (D:11)
  3 howler monkeys (D:8)
  2 electric eels
  6 crimson imps
  5 lava snakes (Lair:6)
  2 centaur zombies
  A wyvern simulacrum (D:15)
  A quasit (D:8)
  5 hounds
  A bullfrog zombie (D:5)
  2 jellies
  3 centaur skeletons
  14 orc priests
  17 orc wizards
  2 bullfrog skeletons
  3 iguanas
  A human skeleton (D:8)
  15 worker ants
  A gnoll (Bailey)
  A howler monkey skeleton (D:4)
  10 adders
  3 river rats
  5 shadow imps
  A white imp (D:15)
  An adder zombie (D:9)
  An adder skeleton (D:9)
  5 dart slugs
  A leopard gecko (D:1)
  65 orcs
  4 ball pythons (D:3)
  7 bats
  4 giant cockroaches
  9 goblins
  13 hobgoblins
  10 jackals
  2 quokkas
  4 frilled lizards
  43 kobolds
  A leopard gecko skeleton (D:5)
  An orc zombie (D:8)
  2 quokka skeletons
  9 rats
  4 fungi
  2 plants (Lair:6)
697 creatures vanquished.

Vanquished Creatures (others)
  3 gnolls (D:3)
  An adder zombie (D:7)
  A goblin (D:3)
  A kobold (D:15)
  4 bushes (Lair:6)
  2 fungi
  5 plants
17 creatures vanquished.

Grand Total: 714 creatures vanquished

Notes
Turn   | Place    | Note
-------+----------+-------------------------------------------
     0 | D:1      | Peloso the Minotaur Fighter began the quest for the Orb.
     0 | D:1      | Reached XP level 1. HP: 19/19 MP: 0/0
   118 | D:1      | Reached XP level 2. HP: 19/27 MP: 1/1
   778 | D:2      | Reached XP level 3. HP: 25/33 MP: 2/2
   957 | D:2      | Reached skill level 1 in Dodging
  1016 | D:2      | Noticed Sigmund
  1048 | D:2      | Killed Sigmund
  1048 | D:2      | Reached skill level 5 in Armour
  1048 | D:2      | Reached skill level 4 in Shields
  1048 | D:2      | Reached XP level 4. HP: 14/41 MP: 3/3
  1048 | D:2      | Reached XP level 5. HP: 16/47 MP: 4/4
  1714 | D:3      | Found a glowing drain.
  1730 | D:3      | Reached skill level 1 in Axes
  1762 | Sewer    | Entered a sewer
  1888 | Sewer    | Reached XP level 6. HP: 28/53 MP: 5/5
  2178 | Sewer    | Found a white marble altar of Elyvilon.
  2532 | D:3      | Found a faded altar of an unknown god.
  2655 | D:3      | Noticed CatCannon's ghost (amateur DrVM)
  2682 | D:3      | Killed CatCannon's ghost
  2682 | D:3      | Reached skill level 5 in Shields
  2683 | D:3      | Noticed a human
  2684 | D:3      | Found a runed door.
  2688 | D:3      | Found a basalt altar of Yredelemnul.
  2804 | D:3      | Found a burning altar of Makhleb.
  2806 | D:3      | Found an ancient bone altar of Kikubaaqudgha.
  2806 | D:3      | Found a blossoming altar of Fedhas.
  2809 | D:3      | Found a sparkling altar of Nemelex Xobeh.
  2810 | D:3      | Found a white marble altar of Elyvilon.
  3448 | D:4      | Reached skill level 5 in Fighting
  3448 | D:4      | Reached XP level 7. HP: 54/61 MP: 6/6
  3634 | D:4      | Found a hide-covered altar of Uskayaw.
  3793 | D:4      | Found a shimmering altar of Xom.
  4113 | D:5      | Entered Level 5 of the Dungeon
  4292 | D:5      | Found a deep blue altar of Sif Muna.
  4334 | D:5      | Reached skill level 6 in Shields
  4356 | D:5      | Reached XP level 8. HP: 67/68 MP: 7/7
  4360 | D:5      | Found a stormy altar of Qazlal.
  4478 | D:5      | Reached skill level 5 in Axes
  4958 | D:6      | Reached skill level 1 in Evocations
  5040 | D:6      | Reached skill level 7 in Shields
  5316 | D:6      | Reached skill level 5 in Long Blades
  5367 | D:6      | Found a staircase to the Ecumenical Temple.
  5678 | D:7      | Reached skill level 8 in Shields
  5678 | D:7      | Reached XP level 9. HP: 68/75 MP: 8/8
  5752 | D:7      | Noticed Pikel
  5766 | D:7      | Killed Pikel
  5931 | D:7      | Found a flagged portal.
  5941 | Bailey   | Entered a bailey
  5987 | Bailey   | Noticed an orc knight
  6067 | Bailey   | Killed an orc knight
  6067 | Bailey   | Reached skill level 1 in Throwing
  7272 | D:8      | Noticed a brown ugly thing
  7280 | D:8      | Killed a brown ugly thing
  7280 | D:8      | Reached skill level 9 in Shields
  7293 | D:8      | Reached XP level 10. HP: 81/84 MP: 10/10
  7341 | D:8      | Found a staircase to the Lair.
  8515 | Temple   | Entered the Ecumenical Temple
  8529 | Temple   | Became a worshipper of Warmaster Okawaru
  8582 | D:9      | Noticed Joseph
  8723 | D:9      | Reached skill level 10 in Long Blades
  8725 | D:9      | Killed Joseph
  8725 | D:9      | Reached skill level 10 in Armour
  8725 | D:9      | Reached skill level 10 in Shields
  8806 | D:9      | Reached * piety under Okawaru
  8938 | D:9      | Noticed an orange crystal statue
  8961 | D:9      | Noticed Gastronok
  8995 | D:9      | Killed Gastronok
  8995 | D:9      | Reached ** piety under Okawaru
  8995 | D:9      | Reached *** piety under Okawaru
  8995 | D:9      | Reached XP level 11. HP: 87/94 MP: 3/11
  9401 | D:10     | Entered Level 10 of the Dungeon
  9577 | D:10     | Noticed Psyche
  9606 | D:10     | Reached skill level 11 in Shields
  9676 | D:10     | Killed Psyche
  9967 | D:10     | Got a twisted flail
  9968 | D:10     | Identified the +11 flail "Egu Pusk" {crush, rPois Int+4} (You found it on level 10 of the Dungeon)
 10364 | D:11     | Found Iticzep's Book Shop.
 10536 | D:11     | Killed an unseen horror
 10605 | D:11     | Noticed a two-headed ogre
 10609 | D:11     | Killed a two-headed ogre
 10609 | D:11     | Reached **** piety under Okawaru
 11211 | D:12     | Found a staircase to the Orcish Mines.
 11424 | D:12     | Reached ***** piety under Okawaru
 11513 | D:12     | Reached skill level 12 in Shields
 11625 | D:13     | Noticed a centaur warrior
 11781 | D:12     | Reached XP level 12. HP: 80/104 MP: 12/12
 11895 | D:12     | Killed a centaur warrior
 11895 | D:12     | Received a gift from Okawaru
 12394 | D:13     | Noticed a tengu warrior
 12409 | D:13     | Killed a tengu warrior
 12632 | D:13     | Noticed a storm dragon
 12732 | D:13     | Killed a storm dragon
 12732 | D:13     | Received a gift from Okawaru
 12875 | Lair:1   | Entered Level 1 of the Lair of Beasts
 13761 | Lair:2   | Reached skill level 10 in Fighting
 13841 | Lair:2   | Reached skill level 1 in Stealth
 13862 | Lair:2   | Reached skill level 13 in Shields
 14146 | Lair:2   | Found a staircase to the Swamp.
 14302 | Lair:2   | Noticed a six-headed hydra
 14308 | Lair:2   | Killed a two-headed hydra
 14843 | Lair:3   | Received a gift from Okawaru
 15132 | Lair:3   | Found a staircase to the Snake Pit.
 15258 | Lair:3   | Reached XP level 13. HP: 71/114 MP: 13/13
 15410 | Lair:3   | Received a gift from Okawaru
 15663 | Lair:3   | Found a runed door.
 15810 | Lair:3   | Found the +3 sling "Punk" {acid, rCorr}
 15900 | Lair:4   | Reached ****** piety under Okawaru
 16284 | Lair:4   | Noticed deadestbob's ghost (journeyman HOFi)
 16319 | Lair:4   | Killed deadestbob's ghost
 16400 | Lair:4   | Reached skill level 14 in Shields
 17271 | Lair:5   | Found a staircase to the Slime Pits.
 17296 | Lair:5   | Received a gift from Okawaru
 18265 | Lair:1   | Identified 3 scrolls of acquirement
 18430 | Orc:1    | Entered Level 1 of the Orcish Mines
 18773 | Orc:2    | Entered Level 2 of the Orcish Mines
 18786 | Orc:2    | Noticed an ettin
 18799 | Orc:2    | Killed an ettin
 19499 | Orc:2    | Found a staircase to the Elven Halls.
 19734 | Orc:2    | Found Upuirigi's Book Emporium.
 19739 | Orc:2    | Reached skill level 15 in Shields
 19758 | Orc:2    | Received a gift from Okawaru
 19762 | Orc:2    | Reached XP level 14. HP: 77/126 MP: 9/14
 20252 | Orc:2    | Reached skill level 15 in Long Blades
 20568 | Orc:2    | Found Fikunaze's Book Emporium.
 20569 | Orc:2    | Found Foun's Antique Armour Shop.
 20576 | Orc:2    | Found Wuyly Coum's Weapon Shop.
 20591 | Orc:2    | Bought a faintly glowing plate armour for 756 gold pieces
 20591 | Orc:2    | Bought a jewelled chain mail for 256 gold pieces
 20603 | Orc:2    | Identified the +4 chain mail of Polytheism {*Drain rF+ MR++ Int+2} (You bought it in a shop on level 2 of the Orcish Mines)
 20613 | Orc:2    | Identified the +3 plate armour of Zucvoorch {rPois Int+3 Dex+3 Slay+2} (You bought it in a shop on level 2 of the Orcish Mines)
 21095 | D:14     | Noticed Roxanne
 21138 | D:14     | Killed Roxanne
 21472 | D:14     | Found a gate to the Vaults.
 21566 | D:14     | Found Otuafum's Antique Armour Boutique.
 21614 | D:14     | Found a sacrificial altar of Ru.
 21819 | D:14     | Reached skill level 16 in Shields
 21950 | D:15     | Entered Level 15 of the Dungeon
 21997 | D:15     | Received a gift from Okawaru
 22427 | D:15     | Received a gift from Okawaru
 23462 | D:15     | Noticed a frost giant
 23472 | D:15     | Killed a frost giant
 23633 | D:15     | Found a staircase to the Depths.
 23907 | Lair:6   | Entered Level 6 of the Lair of Beasts
 24068 | Lair:6   | Reached XP level 15. HP: 136/136 MP: 15/15
 24544 | Lair:6   | Reached skill level 17 in Shields
 24561 | Lair:6   | Received a gift from Okawaru
 25191 | Lair:6   | Found a large runed door.
 25192 | Lair:6   | Found a large runed door.
 27341 | Elf:1    | Entered Level 1 of the Elven Halls
 27727 | Elf:1    | Reached skill level 15 in Armour
 27780 | Elf:1    | HP: 1/138 [battlesphere[a deep elf mage] (14)]
 27781 | Elf:1    | Slain by a deep elf mage

Skill      XL: |  1  2  3  4  5  6  7  8  9 10 11 12 13 14 15 |
---------------+----------------------------------------------+-----
Armour         | 4 5 7 8 10 11 12 13 14 15 | 15.0
Long Blades    | 3 4 5 8 10 12 13 14 15 16 | 16.5
Fighting       | 4 5 6 7 9 10 12 13 14 | 14.0
Dodging        | 1 2 3 4 |  4.3
Shields        | 4 5 6 8 9 10 12 13 15 16 17 | 17.6
Axes           | 2 3 4 5 |  5.7
Evocations     | 1 2 |  2.2
Throwing       | 2 |  2.5
Stealth        | 1 |  1.3
Invocations    | |  0.2

Action                   |  1- 3 |  4- 6 |  7- 9 | 10-12 | 13-15 || total
-------------------------+-------+-------+-------+-------+-------++-------
Melee: Long sword        |    92 |     5 |   118 |   440 |       ||   655
       Headbutt          |     9 |    27 |    70 |   185 |   378 ||   669
       Hand axe          |       |   229 |   156 |       |       ||   385
       Falchion          |       |       |    60 |       |       ||    60
       Scimitar          |       |       |       |   264 |   331 ||   595
       Demon blade       |       |       |       |       |   848 ||   848
Throw: Tomahawk          |       |       |    16 |       |     6 ||    22
Invok: Heroism           |       |       |       |     1 |     1 ||     2
Evoke: Wand              |       |       |    10 |     3 |     7 ||    20
  Use: Potion            |     2 |     4 |     4 |     2 |     1 ||    13
       Scroll            |       |     7 |     8 |    13 |     9 ||    37
  Eat: Chunk             |       |     9 |    11 |    24 |    33 ||    77
       Ration            |       |       |       |     1 |     2 ||     3
Armor: Scale mail        |    45 |    27 |       |       |       ||    72
       Skin              |     5 |       |       |       |       ||     5
       Plate armour      |       |   116 |   201 |   321 |   345 ||   983
       Chain mail        |       |       |       |       |    19 ||    19
Dodge: Dodged            |    31 |    49 |    95 |   200 |   245 ||   620
       Deflected         |       |       |       |    20 |     9 ||    29
Block: Shield            |    46 |   124 |   207 |   546 |   808 ||  1731
       Reflection        |       |       |       |       |     5 ||     5
       Rpst.: Long sword |     9 |       |     5 |    29 |       ||    43
       Falchion          |       |       |     9 |       |       ||     9
       Scimitar          |       |       |       |    21 |    14 ||    35
       Demon blade       |       |       |       |       |    34 ||    34
